| TOP OF THE 1ST |
|
Detroit Red Wings batting - Pitching for Winnipeg Goldeyes : RHP Jose Zavala
|
|
Pitching: RHP Jose Zavala
|
|
|
Batting: RHB António Scarlett
|
0-0: Ground out 6-3 (Groundball, 6, EV 83.1 MPH)
|
|
Batting: LHB Duda Pinho
|
0-0: Ball 1-0: Ground out U3 (Groundball, 3, EV 89.4 MPH)
|
|
Batting: RHB Jorge Lebron
|
0-0: Ball 1-0: Foul Ball, location: 2F 1-1: Ball 2-1: Ball 3-1: Base on Balls
|
|
Batting: RHB Harry Tugnut
|
0-0: Fielders Choice at 2nd, 6-4 (Groundball, 6MD, EV 86.9 MPH)
|
| Top of the 1st over - 0 runs, 0 hits, 0 errors, 1 left on base; Detroit 0 - Winnipeg 0 |
| BOTTOM OF THE 1ST |
|
Winnipeg Goldeyes batting - Pitching for Detroit Red Wings : RHP Adan Van Slyke
|
|
Pitching: RHP Adan Van Slyke
|
|
|
Batting: RHB Fhil Mikrakin
|
0-0: Foul Ball, location: 2F 0-1: Foul Ball, location: 2F 0-2: Foul Ball, location: 2F 0-2: Ball 1-2: Foul Ball, location: 2F 1-2: Ball 2-2: Foul Ball, location: 2F 2-2: Fly out, F9 (Flyball, 9, EV 93.8 MPH)
|
|
Batting: RHB Mike Berzins
|
0-0: Ball 1-0: Swinging Strike 1-1: Foul Ball, location: 2F 1-2: Ball 2-2: Ball 3-2: Foul Ball, location: 2F 3-2: Base on Balls
|
|
Batting: RHB Terry Oetker
|
0-0: Ball 1-0: Ball 2-0: Ball 3-0: Foul Ball, location: 2F 3-1: Foul Ball, location: 2F 3-2: DOUBLE (Flyball, 8RXD, EV 96.2 MPH) Mike Berzins to third Runner from 3rd tries for Home, SAFE, throw by CF to trailing runner, OUT at third! 8-3-5
|
|
Batting: RHB Yu-zeng Mai
|
0-0: Ball 1-0: Called Strike 1-1: Ground out U3 (Groundball, 3L, EV 110.6 MPH)
|
| Bottom of the 1st over - 1 run, 1 hit, 0 errors, 0 left on base; Detroit 0 - Winnipeg 1 |
| TOP OF THE 2ND |
|
Detroit Red Wings batting - Pitching for Winnipeg Goldeyes : RHP Jose Zavala
|
|
Batting: LHB Simon Barry
|
0-0: Ball 1-0: Ball 2-0: Swinging Strike 2-1: Fly out, F7 (Flyball, 78S, EV 86.9 MPH)
|
|
Batting: RHB Carlos Avila
|
0-0: Called Strike 0-1: Ball 1-1: Ball 2-1: Foul Ball, location: 2F 2-2: Foul Ball, location: 2F 2-2: Fly out, F8 (Flyball, 8LM, EV 88.8 MPH)
|
|
Batting: RHB Cody Kafer
|
0-0: Fly out, F8 (Flyball, 8RD, EV 95.6 MPH)
|
| Top of the 2nd over - 0 runs, 0 hits, 0 errors, 0 left on base; Detroit 0 - Winnipeg 1 |
| BOTTOM OF THE 2ND |
|
Winnipeg Goldeyes batting - Pitching for Detroit Red Wings : RHP Adan Van Slyke
|
|
Batting: RHB Settan Nakamura
|
0-0: Swinging Strike 0-1: Foul Ball, location: 2F 0-2: Foul Ball, location: 2F 0-2: Strikes out swinging
|
|
Batting: RHB Braydon Garland
|
0-0: Called Strike 0-1: Ground out 5-3 (Groundball, 56, EV 103.8 MPH)
|
|
Batting: RHB Calvin Day
|
0-0: Fly out, F8 (Flyball, 8RM, EV 96.2 MPH)
|
| Bottom of the 2nd over - 0 runs, 0 hits, 0 errors, 0 left on base; Detroit 0 - Winnipeg 1 |
| TOP OF THE 3RD |
|
Detroit Red Wings batting - Pitching for Winnipeg Goldeyes : RHP Jose Zavala
|
|
Batting: SHB Roderick Speed
|
0-0: Ball 1-0: Ball 2-0: Ball 3-0: Base on Balls
|
|
Batting: SHB Franklin Garza
|
0-0: Ball 1-0: Foul Ball, location: 2F 1-1: Ball 2-1: Swinging Strike 2-2: Strikes out swinging
|
|
Batting: RHB António Scarlett
|
0-0: Ball 1-0: Swinging Strike 1-1: Foul Ball, location: 2F 1-2: Fielders Choice at 2nd, 6-4 (Groundball, 56D, EV 102.5 MPH)
|
|
Batting: LHB Duda Pinho
|
0-0: Ball 1-0: Foul Ball, location: 2F 1-1: Ball 2-1: Ball 3-1: Base on Balls António Scarlett to second
|
|
Batting: RHB Jorge Lebron
|
0-0: Called Strike 0-1: Ball 1-1: SINGLE (Line Drive, 8RS, EV 104.4 MPH) António Scarlett to third Duda Pinho to second Runner from 3rd tries for Home, SAFE, throw by CF to home
|
|
Batting: RHB Harry Tugnut
|
0-0: Fielders Choice at 2nd, 5-4 (Groundball, 5, EV 88.8 MPH)
|
| Top of the 3rd over - 1 run, 1 hit, 0 errors, 2 left on base; Detroit 1 - Winnipeg 1 |
| BOTTOM OF THE 3RD |
|
Winnipeg Goldeyes batting - Pitching for Detroit Red Wings : RHP Adan Van Slyke
|
|
Batting: RHB Andy Valenzuela
|
0-0: Called Strike 0-1: Ball 1-1: Called Strike 1-2: Ball 2-2: Fly out, F8 (Line Drive, 8RD, EV 91.9 MPH)
|
|
Batting: RHB Justin Palko
|
0-0: Called Strike 0-1: Ground out 5-3 (Groundball, 5L, EV 88.8 MPH)
|
|
Batting: RHB Fhil Mikrakin
|
0-0: Ball 1-0: Ball 2-0: Called Strike 2-1: Ball 3-1: Called Strike 3-2: SOLO HOME RUN (Flyball, 7D, EV 115.0 MPH), Distance : 426 ft
|
|
Batting: RHB Mike Berzins
|
0-0: Ball 1-0: Fly out, F8 (Flyball, 89S, EV 93.8 MPH)
|
| Bottom of the 3rd over - 1 run, 1 hit, 0 errors, 0 left on base; Detroit 1 - Winnipeg 2 |
| TOP OF THE 4TH |
|
Detroit Red Wings batting - Pitching for Winnipeg Goldeyes : RHP Jose Zavala
|
|
Batting: LHB Simon Barry
|
0-0: Called Strike 0-1: Foul Ball, location: 2F 0-2: SINGLE (Groundball, 4D, EV 100.6 MPH)
|
|
Batting: RHB Carlos Avila
|
0-0: Called Strike 0-1: Foul Ball, location: 2F 0-2: Strikes out swinging
|
|
Batting: RHB Cody Kafer
|
0-0: Swinging Strike 0-1: Swinging Strike 0-2: Strikes out swinging
|
|
Batting: SHB Roderick Speed
|
0-0: Ball 1-0: Ball 2-0: Ground out 4-3 (Groundball, 34S, EV 82.5 MPH)
|
| Top of the 4th over - 0 runs, 1 hit, 0 errors, 1 left on base; Detroit 1 - Winnipeg 2 |
| BOTTOM OF THE 4TH |
|
Winnipeg Goldeyes batting - Pitching for Detroit Red Wings : RHP Adan Van Slyke
|
|
Batting: RHB Terry Oetker
|
0-0: Ball 1-0: Ball 2-0: Swinging Strike 2-1: Foul Ball, location: 2F 2-2: Ball 3-2: SINGLE (Line Drive, 56, EV 109.4 MPH)
|
|
Pitching: RHP Jimmy Dean
|
|
|
Batting: RHB Yu-zeng Mai
|
0-0: Called Strike 0-1: Foul Ball, location: 2F 0-2: Ball 1-2: Foul Ball, location: 2F 1-2: Ball 2-2: Strikes out swinging
|
|
Batting: RHB Settan Nakamura
|
0-0: Fly out, F7 (Flyball, 78D, EV 90.6 MPH)
|
|
Batting: RHB Braydon Garland
|
0-0: Ball 1-0: Fly out, F8 (Line Drive, 8LM, EV 97.5 MPH)
|
| Bottom of the 4th over - 0 runs, 1 hit, 0 errors, 1 left on base; Detroit 1 - Winnipeg 2 |
| TOP OF THE 5TH |
|
Detroit Red Wings batting - Pitching for Winnipeg Goldeyes : RHP Jose Zavala
|
|
Batting: SHB Franklin Garza
|
0-0: Foul Ball, location: 2F 0-1: Called Strike 0-2: Ball 1-2: Ball 2-2: Foul Ball, location: 2F 2-2: Fly out, F8 (Flyball, 8LM, EV 86.2 MPH)
|
|
Batting: RHB António Scarlett
|
0-0: Reached on error, E5 (Groundball, 5L, EV 104.4 MPH)
|
|
Batting: LHB Duda Pinho
|
0-0: Ball 1-0: Called Strike 1-1: SINGLE (Groundball, 4S, EV 64.4 MPH) (infield hit) António Scarlett to third
|
|
Batting: RHB Jorge Lebron
|
0-0: Foul Ball, location: 2F 0-1: Fly out, F9 (Flyball, 9D, EV 85.0 MPH) Runner from 3rd tags up, SCORES, throw by RF
|
|
Batting: RHB Harry Tugnut
|
0-0: Ball 1-0: Ball 2-0: Called Strike Duda Pinho steals 2nd base 2-1: Ball 3-1: Ground out 6-3 (Groundball, 56, EV 80.6 MPH)
|
| Top of the 5th over - 1 run, 1 hit, 1 error, 1 left on base; Detroit 2 - Winnipeg 2 |
| BOTTOM OF THE 5TH |
|
Winnipeg Goldeyes batting - Pitching for Detroit Red Wings : RHP Jimmy Dean
|
|
Batting: RHB Calvin Day
|
0-0: Foul Ball, location: 2F 0-1: Ball 1-1: Ball 2-1: Fly out, F8 (Flyball, 8LS, EV 85.6 MPH)
|
|
Batting: RHB Andy Valenzuela
|
0-0: Ball 1-0: Ball 2-0: Ball 3-0: Called Strike 3-1: Swinging Strike 3-2: Base on Balls
|
|
Batting: RHB Justin Palko
|
0-0: Called Strike 0-1: DOUBLE (Line Drive, 7LD, EV 104.4 MPH) Andy Valenzuela to third Runner from 3rd tries for Home, SAFE, throw by LF to home
|
|
Batting: RHB Fhil Mikrakin
|
0-0: Ball 1-0: Called Strike 1-1: Ball 2-1: Foul Ball, location: 2F 2-2: Foul Ball, location: 2F 2-2: Ball 3-2: Base on Balls
|
|
Batting: RHB Mike Berzins
|
0-0: Ball 1-0: Ball 2-0: Ball 3-0: Called Strike 3-1: Foul Ball, location: 2F 3-2: Base on Balls Justin Palko to third Fhil Mikrakin to second
|
|
Batting: RHB Terry Oetker
|
0-0: Called Strike 0-1: Ball 1-1: SINGLE (Groundball, 6D, EV 103.8 MPH) Justin Palko scores Fhil Mikrakin to third Mike Berzins to second Runner from 3rd tries for Home, throw by LF and OUT! 7-2 Mike Berzins to third Terry Oetker to second
|
|
Batting: RHB Yu-zeng Mai
|
0-0: Ball 1-0: Called Strike 1-1: Ball 2-1: Foul Ball, location: 2F 2-2: Ball 3-2: Strikes out swinging
|
| Bottom of the 5th over - 2 runs, 2 hits, 0 errors, 2 left on base; Detroit 2 - Winnipeg 4 |
| TOP OF THE 6TH |
|
Detroit Red Wings batting - Pitching for Winnipeg Goldeyes : RHP Jose Zavala
|
|
Batting: LHB Simon Barry
|
0-0: DOUBLE (Flyball, 8LXD, EV 108.8 MPH)
|
|
Batting: RHB Carlos Avila
|
0-0: Foul Ball, location: 2F 0-1: Called Strike 0-2: Strikes out swinging
|
|
Batting: RHB Cody Kafer
|
0-0: Ball 1-0: Ball 2-0: DOUBLE (Flyball, 8RD, EV 96.9 MPH) Simon Barry scores
|
|
Batting: SHB Roderick Speed
|
0-0: Called Strike 0-1: Called Strike 0-2: Ball 1-2: Ball 2-2: Ball 3-2: SINGLE (Groundball, 4D, EV 107.5 MPH) Cody Kafer to third Runner from 3rd tries for Home, throw by CF and OUT! 8-2
|
|
Batting: SHB Franklin Garza
|
0-0: Called Strike 0-1: Ball 1-1: Called Strike 1-2: Strikes out swinging
|
| Top of the 6th over - 1 run, 3 hits, 0 errors, 1 left on base; Detroit 3 - Winnipeg 4 |
| BOTTOM OF THE 6TH |
|
Winnipeg Goldeyes batting - Pitching for Detroit Red Wings : RHP Jimmy Dean
|
|
Batting: RHB Settan Nakamura
|
0-0: Ball 1-0: Swinging Strike 1-1: Foul Ball, location: 2F 1-2: Strikes out swinging
|
|
Batting: RHB Braydon Garland
|
0-0: Fly out, F7 (Line Drive, 7, EV 90.6 MPH)
|
|
Batting: RHB Calvin Day
|
0-0: Swinging Strike 0-1: Ball 1-1: Swinging Strike 1-2: Strikes out swinging
|
| Bottom of the 6th over - 0 runs, 0 hits, 0 errors, 0 left on base; Detroit 3 - Winnipeg 4 |
| TOP OF THE 7TH |
|
Detroit Red Wings batting - Pitching for Winnipeg Goldeyes : RHP Jose Zavala
|
|
Batting: RHB António Scarlett
|
0-0: Called Strike 0-1: Ball 1-1: Ball 2-1: Ground out 6-3 (Groundball, 6M, EV 105.0 MPH)
|
|
Batting: LHB Duda Pinho
|
0-0: Foul Ball, location: 2F 0-1: Fly out, F3 (Popup, 3S, EV 67.5 MPH)
|
|
Batting: RHB Jorge Lebron
|
0-0: Foul Ball, location: 2F 0-1: Ball 1-1: Called Strike 1-2: Strikes out swinging
|
| Top of the 7th over - 0 runs, 0 hits, 0 errors, 0 left on base; Detroit 3 - Winnipeg 4 |
| BOTTOM OF THE 7TH |
|
Winnipeg Goldeyes batting - Pitching for Detroit Red Wings : RHP Jimmy Dean
|
|
Pitching: RHP David Kalinsky
|
|
|
Batting: RHB Andy Valenzuela
|
0-0: Swinging Strike 0-1: Swinging Strike 0-2: Foul Ball, location: 2F 0-2: Strikes out looking
|
|
Batting: RHB Justin Palko
|
0-0: SINGLE (Line Drive, 4D, EV 100.0 MPH)
|
|
Batting: RHB Fhil Mikrakin
|
0-0: Ball 1-0: Foul Ball, location: 2F 1-1: Fly out, F8 (Flyball, 8RS, EV 94.4 MPH)
|
|
Batting: RHB Mike Berzins
|
0-0: Called Strike 0-1: Ball 1-1: SINGLE (Flyball, 6D, EV 92.5 MPH) Justin Palko to second
|
|
Batting: RHB Terry Oetker
|
0-0: Called Strike 0-1: Fly out, F7 (Flyball, 78M, EV 90.6 MPH)
|
| Bottom of the 7th over - 0 runs, 2 hits, 0 errors, 2 left on base; Detroit 3 - Winnipeg 4 |
| TOP OF THE 8TH |
|
Detroit Red Wings batting - Pitching for Winnipeg Goldeyes : RHP Jose Zavala
|
|
Pitching: RHP Curtis Melchert
|
|
|
Batting: RHB Harry Tugnut
|
0-0: Swinging Strike 0-1: Foul Ball, location: 2F 0-2: Ball 1-2: Ball 2-2: Ball 3-2: Ground out 6-3 (Groundball, 56S, EV 79.4 MPH)
|
|
Pinch Hitting: LHB Ryan Adams
|
0-0: Ball 1-0: Ball 2-0: Foul Ball, location: 2F 2-1: Ball 3-1: Base on Balls
|
|
Batting: RHB Carlos Avila
|
0-0: Ball 1-0: Ball 2-0: Called Strike 2-1: Swinging Strike 2-2: Strikes out swinging
|
|
Pinch Hitting: LHB Iestyn Peacock
|
0-0: Called Strike 0-1: Ground out 4-3 (Groundball, 4, EV 100.6 MPH)
|
| Top of the 8th over - 0 runs, 0 hits, 0 errors, 1 left on base; Detroit 3 - Winnipeg 4 |
| BOTTOM OF THE 8TH |
|
Winnipeg Goldeyes batting - Pitching for Detroit Red Wings : RHP David Kalinsky
|
|
Now at SS: Ryan Adams
|
|
|
Now in LF: Iestyn Peacock
|
|
|
Batting: RHB Yu-zeng Mai
|
0-0: Ball 1-0: Fly out, F8 (Line Drive, 8RM, EV 108.1 MPH)
|
|
Batting: RHB Settan Nakamura
|
0-0: Foul Ball, location: 2F 0-1: Called Strike 0-2: Strikes out swinging
|
|
Batting: RHB Braydon Garland
|
0-0: Ground out 6-3 (Groundball, 56, EV 98.1 MPH)
|
| Bottom of the 8th over - 0 runs, 0 hits, 0 errors, 0 left on base; Detroit 3 - Winnipeg 4 |
| TOP OF THE 9TH |
|
Detroit Red Wings batting - Pitching for Winnipeg Goldeyes : RHP Curtis Melchert
|
|
Now at 1B: Fernando Membreno
|
|
|
Now at 3B: Alejandro de Jesus
|
|
|
Pinch Hitting: RHB John Barton
|
0-0: Ball 1-0: Swinging Strike 1-1: Swinging Strike 1-2: Strikes out swinging
|
|
Pinch Hitting: SHB Isaiah Bias
|
0-0: Called Strike 0-1: Ball 1-1: Ball 2-1: Ball 3-1: Base on Balls
|
|
Batting: RHB António Scarlett
|
0-0: Foul Ball, location: 2F 0-1: Foul Ball, location: 2F 0-2: Strikes out swinging
|
|
Batting: LHB Duda Pinho
|
0-0: Ball 1-0: Ground out 4-3 (Groundball, 34D, EV 104.4 MPH)
|
| Top of the 9th over - 0 runs, 0 hits, 0 errors, 1 left on base; Detroit 3 - Winnipeg 4 |
|